 Dungeon Crawl Stone Soup version 0.24.0-35-gdb84b6a5db (webtiles) character file.

Game seed: 2298141532081943076, levelgen mode: deterministic

12715 Metae the Fighter (level 11, -6/115 HPs)
             Began as a Deep Dwarf Fighter on Nov 17, 2019.
             Was a High Priest of Okawaru.
             Mangled by a two-headed ogre
             ... wielding a +0 giant club
              (13 damage)
             ... on level 2 of the Orcish Mines on Nov 18, 2019.
             The game lasted 01:25:41 (11682 turns).

Metae the Fighter (Deep Dwarf Fighter)             Turns: 11682, Time: 01:25:42

Health: -6/115     AC: 24    Str: 23    XL:     11   Next: 66%
Magic:  6/6        EV:  7    Int:  9    God:    Okawaru [*****.]
Gold:   1222       SH:  5    Dex: 12    Spells: 20/20 levels left

rFire    x . .     SeeInvis .   a - +2 short sword (drain)
rCold    + + .     Gourm    .   W - +1 buckler {reflect}
rNeg     . . .     Faith    .   u - +2 plate armour {rC+}
rPois    .         Spirit   .   m - +2 helmet
rElec    .         Reflect  +   F - +1 cloak
rCorr    .         Harm     .   U - +0 pair of gloves
MR       +....     Rnd*Rage +   p - +0 pair of boots
Stlth    ..........             (no amulet)
HPRegen  0.00/turn              r - ring of flight
MPRegen  0.10/turn              I - ring of ice

@: non-regenerating, slowed, very slow
A: damage resistance, heal wounds, berserk 1, sense surroundings 2, no
regeneration
a: Heal Wounds, Heroism, Finesse, Renounce Religion, Evoke Flight


You were on level 2 of the Orcish Mines.
You worshipped Okawaru.
Okawaru was extremely pleased with you.
You were not hungry.

You visited 3 branches of the dungeon, and saw 13 of its levels.

You collected 1222 gold pieces.

Inventory:

Hand Weapons
 a - a +2 short sword of draining (weapon)
 b - a +0 hunting sling
 B - a +0 war axe
 G - a cursed +5 scimitar
 S - a +0 mace of distortion
Missiles
 n - 421 stones (quivered)
 t - 48 sling bullets
Armour
 c - a +0 shield
 m - a +2 helmet (worn)
 p - a +0 pair of boots (worn)
 s - a +0 ring mail of fire resistance
 u - a +2 plate armour of cold resistance (worn)
 v - a +0 plate armour
 F - a +1 cloak (worn)
 J - the +5 ring mail "Yde Arpha" {MP+9 SInv}
   (You found it on level 8 of the Dungeon)

   It affects your magic capacity (+9).
   It lets you see invisible.
 K - a +0 pair of gloves
 P - a +0 chain mail
 U - a +0 pair of gloves (worn)
 W - a +1 buckler of reflection (worn)
Magical Staves
 y - an uncursed staff of power
Jewellery
 i - an uncursed ring of ice
 r - a ring of flight (left hand)
 E - an uncursed ring of flight
 I - a ring of ice (right hand)
Wands
 x - a wand of random effects (9)
 N - a wand of acid (11)
 T - a wand of enslavement (5)
Scrolls
 l - 5 scrolls of remove curse
 o - 2 scrolls of teleportation
 w - a scroll of magic mapping
 C - a scroll of immolation
 O - 3 scrolls of identify
 Q - a scroll of noise {unknown}
 V - a scroll of blinking
Potions
 d - 3 potions of might
 e - 2 potions of curing
 g - 3 potions of agility
 h - 3 potions of ambrosia
 j - a potion of flight
 q - a potion of brilliance
 z - 2 potions of invisibility
 A - 2 potions of degeneration
 H - 2 potions of mutation
 L - a potion of haste
 M - a potion of magic
Comestibles
 f - 9 rations


   Skills:
 - Level 12.6 Fighting
 - Level 5.6 Short Blades
 - Level 2.1 Axes
 - Level 9.1 Armour
 - Level 3.2 Shields
 + Level 5.2 Spellcasting
 - Level 6.7 Invocations


You had 20 spell levels left.
You didn't know any spells.
Your spell library contained the following spells:

 Spells                   Type           Power        Failure   Level  Hunger
 Beastly Appendage        Tmut           #.....       98%         1    #......
 Sticks to Snakes         Tmut           #.......     99%         2    ##.....
 Spider Form              Tmut/Pois      #.........   100%        3    ###....
 Ice Form                 Ice/Tmut       #.......     100%        4    #####..
 Blade Hands              Tmut           #.........   100%        5    ######.


Dungeon Overview and Level Annotations

Branches:
Dungeon (10/15)            Temple (1/1) D:4            Lair (0/6) D:10
    Orc (2/2) D:10
    Elf: Orc:2

Altars:
Cheibriados
Dithmenos
Elyvilon
Fedhas
Gozag
Hepliaklqana
Kikubaaqudgha
Makhleb
Nemelex Xobeh
Okawaru
Qazlal
Ru
Sif Muna
Trog
Uskayaw
Vehumet
Wu Jian
Xom
Yredelemnul
Zin
The Shining One

Shops:
D:4 (   D:10 *


Innate Abilities, Weirdness & Mutations

You are resistant to damage.
You can heal yourself by infusing magical energy.
You passively map the area around you.
You do not regenerate.
You tend to lose your temper in combat.


Message History

Something hits you but does no damage.
The two-headed ogre hits you but does no damage.
The two-headed ogre closely misses you.
The orc priest begins to cast a cantrip, but forgets the words!
Something hits you but does no damage.
The ogre mage seems less drained.
Something hits you but does no damage. The two-headed ogre barely misses you.
The two-headed ogre hits you with a +0 giant club.
The ogre mage hits you but does no damage.
Something hits you but does no damage.
You hear some strange, mumbled words.
The two-headed ogre seems to speed up.
The ogre is no longer moving quickly.
The two-headed ogre is no longer moving quickly.
The ogre mage hits you from afar with a +0 spear.
* * * LOW HITPOINT WARNING * * *
The two-headed ogre hits you with a +0 giant club!
* * * LOW HITPOINT WARNING * * *
The two-headed ogre hits you with a +0 giant club!
You die...

................................#
.................#........#.#...#
.#..............####.#....#.#....
.................#...O#......O...
.....................####.#.#....
.#....................#....)##...
..#...............{o..Oo....))..o
..................O..Oo..o#.#o..#
..............<.@OO..O.#.###...##
.......................o## ##.##.
..................^.....# #####
.....................#.## #
......................#### #
#.......#.............#..## #
#..........#.........#....# #
##.........#......#.##....# *
.##.....#.....#..##.......#


You could see 3 two-headed ogres, an ogre mage, 2 orc warriors, 3 ogres, an orc
priest and an orc.

Vanquished Creatures
  4 two-headed ogres
  An unseen horror (D:9)
  Pikel (D:9)
  An orc sorcerer (Orc:1)
  A troll (D:10)
  A hornet (D:10)
  A meliai zombie (D:10)
  A hippogriff (D:10)
  A yak (D:10)
  2 hungry ghosts (D:8)
  A steam dragon (D:10)
  4 wargs
  A water moccasin (D:9)
  2 black bears
  3 sky beasts
  11 orc warriors
  5 ice beasts
  A slave (D:9)
  2 hornet zombies
  10 ogres
  A phantom (D:4)
  4 centaurs
  2 big kobolds
  4 bullfrogs
  2 scorpions
  12 killer bees
  5 wights (D:6)
  5 howler monkeys
  4 crimson imps
  A bullfrog zombie (D:6)
  4 hounds
  2 bullfrog skeletons (D:10)
  16 orc priests
  4 jellies
  16 orc wizards
  A centaur skeleton (D:4)
  7 iguanas
  Terence (D:2)
  9 worker ants
  A hound zombie (D:6)
  2 hound skeletons
  A worker ant zombie (D:5)
  10 gnolls
  7 adders
  A shadow imp (D:10)
  2 oozes (D:4)
  2 adder zombies (D:7)
  An adder skeleton (D:4)
  3 worms
  2 dart slugs (D:2)
  4 leopard geckos
  45 orcs
  A ball python (D:4)
  6 bats
  4 giant cockroaches
  10 goblins
  6 hobgoblins
  11 jackals
  A quokka (D:3)
  10 frilled lizards
  12 kobolds
  A leopard gecko skeleton (D:6)
  12 rats
309 creatures vanquished.

Vanquished Creatures (others)
  An ice beast (D:10)
  An ogre (D:5)
  A hound (D:9)
  An orc (D:5)
4 creatures vanquished.

Grand Total: 313 creatures vanquished

Notes
Turn   | Place    | Note
-------+----------+-------------------------------------------
     0 | D:1      | Metae the Deep Dwarf Fighter began the quest for the Orb.
     0 | D:1      | Reached XP level 1. HP: 20/20 MP: 1/1
    36 | D:1      | Reached skill level 3 in Fighting
   104 | D:1      | Reached XP level 2. HP: 16/28 MP: 2/2
   944 | D:2      | Reached XP level 3. HP: 34/36 MP: 3/3
   945 | D:2      | Reached skill level 4 in Fighting
  1319 | D:2      | Found a white marble altar of Elyvilon.
  1424 | D:2      | Noticed Terence
  1440 | D:2      | Killed Terence
  1440 | D:2      | Reached XP level 4. HP: 28/45 MP: 4/4
  1822 | D:2      | Reached skill level 5 in Fighting
  2107 | D:2      | Reached XP level 5. HP: 39/52 MP: 5/5
  2619 | D:3      | Reached skill level 6 in Fighting
  2807 | D:4      | Noticed a phantom
  2875 | D:4      | Killed a phantom
  2875 | D:4      | Reached XP level 6. HP: 39/63 MP: 6/6
  2961 | D:4      | Found a staircase to the Ecumenical Temple.
  2979 | D:4      | Reached skill level 7 in Fighting
  3033 | Temple   | Entered the Ecumenical Temple
  3133 | Temple   | Became a worshipper of Warmaster Okawaru
  3228 | D:4      | Reached XP level 7. HP: 23/72 MP: 7/7
  3242 | D:4      | Reached skill level 1 in Short Blades
  3406 | D:4      | Found Qiykhy's Antique Weapon Emporium.
  3627 | D:5      | Entered Level 5 of the Dungeon
  3779 | D:5      | Found a hazy altar of Hepliaklqana.
  4074 | D:5      | Reached skill level 8 in Fighting
  4089 | D:5      | Reached * piety under Okawaru
  4092 | D:5      | Reached XP level 8. HP: 49/82 MP: 6/6
  4108 | D:5      | Found a shimmering altar of Xom.
  4275 | D:5      | Reached skill level 9 in Fighting
  4978 | D:6      | Reached skill level 10 in Fighting
  5340 | D:6      | Gained mutation: You passively map the area around you.
                  | [Deep Dwarf growth]
  5340 | D:6      | Reached XP level 9. HP: 55/94 MP: 7/7
  5531 | D:6      | Found a radiant altar of Vehumet.
  5534 | D:6      | Found a shimmering blue altar of Sif Muna.
  5535 | D:6      | Found a snail-covered altar of Cheibriados.
  5578 | D:6      | Reached skill level 1 in Invocations
  5592 | D:6      | Found a basalt altar of Yredelemnul.
  5631 | D:6      | Reached ** piety under Okawaru
  5722 | D:6      | Found a glowing silver altar of Zin.
  5950 | D:7      | Reached skill level 11 in Fighting
  6895 | D:8      | Reached *** piety under Okawaru
  6959 | D:8      | Reached skill level 5 in Armour
  7173 | D:8      | Found a blossoming altar of Fedhas.
  7607 | D:8      | Reached XP level 10. HP: 99/106 MP: 9/9
  7843 | D:8      | Got a bloodstained ring mail
  7854 | D:8      | Identified the +5 ring mail "Yde Arpha" {MP+9 SInv} (You
                  | found it on level 8 of the Dungeon)
  7871 | D:8      | Found a sparkling altar of Nemelex Xobeh.
  7965 | D:9      | Reached skill level 12 in Fighting
  7968 | D:9      | Noticed Pikel
  7989 | D:9      | Killed Pikel
  8072 | D:9      | Noticed a two-headed ogre
  8094 | D:9      | Killed a two-headed ogre
  8094 | D:9      | Reached **** piety under Okawaru
  8116 | D:9      | Found a sacrificial altar of Ru.
  8469 | D:9      | Found a bloodstained altar of Trog.
  8563 | D:9      | Noticed an unseen horror
  8608 | D:9      | Killed an unseen horror
  8675 | D:10     | Entered Level 10 of the Dungeon
  8742 | D:10     | Gained mutation: You tend to lose your temper in combat.
                  | [mutagenic glow]
  8916 | D:10     | Reached skill level 1 in Spellcasting
  9021 | D:10     | Reached ***** piety under Okawaru
  9330 | D:10     | Found a staircase to the Lair.
  9360 | D:10     | Paralysed by a hornet for 1 turns
  9380 | D:10     | Reached skill level 5 in Invocations
  9414 | D:10     | Found a staircase to the Orcish Mines.
  9520 | D:10     | Found Loeguops's Assorted Antiques.
  9567 | D:10     | Reached XP level 11. HP: 47/115 MP: 5/5
  9693 | D:10     | Received a gift from Okawaru
  9809 | D:10     | Noticed a two-headed ogre
  9826 | D:10     | Killed a two-headed ogre
  9863 | D:10     | Noticed a two-headed ogre
  9874 | D:10     | Killed a two-headed ogre
 10271 | Orc:1    | Entered Level 1 of the Orcish Mines
 10293 | Orc:1    | Reached skill level 5 in Short Blades
 10498 | Orc:2    | Entered Level 2 of the Orcish Mines
 10655 | Orc:2    | Found a shimmering blue altar of Sif Muna.
 10820 | Orc:1    | Noticed an orc sorcerer
 10841 | Orc:1    | HP: 5/115 [orc sorcerer/bolt of fire (30)]
 10851 | Orc:1    | Killed an orc sorcerer
 11617 | Orc:2    | Noticed an ogre mage
 11632 | Orc:2    | Noticed a two-headed ogre
 11642 | Orc:2    | Noticed a two-headed ogre
 11648 | Orc:2    | Noticed an ogre mage
 11651 | Orc:2    | Killed a two-headed ogre
 11651 | Orc:2    | Reached skill level 5 in Spellcasting
 11665 | Orc:2    | Noticed a two-headed ogre
 11669 | Orc:2    | Noticed a two-headed ogre
 11682 | Orc:2    | Mangled by a two-headed ogre

Levels and vault maps discovered:
D:1:      dpeg_arrival_tiny_c, layout_basic
D:2:      layout_loops_corners, lemuel_doored_altar, uniq_terence
D:3:      wander_river, layout_rooms, minmay_distorted
D:4:      layout_rooms, minmay_temple_entry_glass, serial_shops, kennysheep_mini
D:5:      layout_basic, xom_confusion_cloud, lemuel_coloured_pillars_altar,
          first_ration
D:6:      layout_loops_ring, grunt_temple_overflow_open, zin_statuary
D:7:      layout_basic, st_stairs_13
D:8:      layout_loops_cross, kennysheep_little_box,
          nicolae_overflow_hidden_temple
D:9:      layout_cave_pools, nicolae_ru_sacrificial_ziggurat,
          nicolae_overflow_crystal_walls, uniq_pikel
D:10:     cheibrodos_iron_armory, layout_irregular_city,
          erik_lair_orcish_takeover, serial_shops,
          nicolae_shop_overgrown_old_shop, grunt_ogre_cave,
          hangedman_corner_corridor
Temple:   compressed_dpeg_triangle_lava_temple
Orc:1:    layout_diamond_mine
Orc:2:    st_orc_ogre_mass, layout_caves, led_sif_book

Skill      XL: |  1  2  3  4  5  6  7  8  9 10 11 |
---------------+----------------------------------+-----
Fighting       | 3 4 5 6 7 8 10 11 12 | 12.6
Short Blades   | 2 4 5 |  5.6
Invocations    | 4 5 6 |  6.7
Armour         | 5 8 9 |  9.1
Spellcasting   | 2 5 |  5.2
Axes           | |  2.1
Shields        | |  3.2

Action                   |  1- 3 |  4- 6 |  7- 9 | 10-12 || total
-------------------------+-------+-------+-------+-------++-------
Melee: War axe           |   101 |   224 |     9 |       ||   334
       Short sword       |       |    19 |   701 |   699 ||  1419
 Fire: Hunting sling     |       |       |     6 |    20 ||    26
Invok: Heroism           |       |       |     6 |    12 ||    18
 Abil: Heal Wounds       |     1 |     4 |    20 |    31 ||    56
Evoke: Wand              |       |       |       |     1 ||     1
  Use: Scroll            |     4 |       |    14 |     4 ||    22
       Potion            |       |     1 |     3 |     3 ||     7
 Stab: Distracted        |       |       |       |     1 ||     1
  Eat: Chunk             |     1 |     2 |     6 |     7 ||    16
       Ration            |     1 |     1 |     9 |     3 ||    14
Armor: Scale mail        |    58 |   107 |       |       ||   165
       Ring mail         |       |    46 |    89 |   188 ||   323
       Chain mail        |       |       |   292 |   154 ||   446
       Skin              |       |       |       |     2 ||     2
       Plate armour      |       |       |       |   184 ||   184
Dodge: Dodged            |    31 |   107 |   182 |   333 ||   653
Block: Shield            |    56 |   148 |   341 |   294 ||   839
       Buckler           |       |       |       |   103 ||   103
       Reflection        |       |       |       |     2 ||     2
